Connexion

Griffins vs IceHogs

Created - 5 février 2024 at 05:45

Goals
1 2 3 T
Griffins 2 0 2 4
IceHogs 3 3 1 7
Shots
1 2 3 T
Griffins 11 14 10 35
IceHogs 20 12 20 52

GoalsPenalties
1st period
1. Griffins , Sasha Chmelevski 27 (Dylan Coghlan 29, Jack Dugan 4) at 3:52
2. IceHogs , Charles Hudon 28 (Cedric Paquette 23, Jean-Sébastien Dea 58) at 8:46
3. IceHogs , Cedric Paquette 17 (Cameron Gaunce 46, Riley Sheahan 40) at 10:54
4. IceHogs , Jean-Sébastien Dea 33 (Andrew Sturtz 17, Colton Sceviour 20) at 12:51
5. Griffins , Marc McLaughlin 23 (Nick Merkley 39) at 13:47
Dylan Coghlan (GRG) for Roughing (Minor) at 14:17
Cedric Paquette (RCK) for Interference (Minor) at 18:53
2nd period
6. IceHogs , Charles Hudon 29 (Jean-Sébastien Dea 59) at 5:48
7. IceHogs , Cedric Paquette 18 (Frederic Allard 18, Jean-Sébastien Dea 60) at 6:28
8. IceHogs , Danny O'Regan 30 (Brendan Gaunce 21, Riley Sheahan 41) at 6:46
Nick Merkley (GRG) for Slashing (Minor) at 19:46
3rd period
9. Griffins , Nick Merkley 24 (Dylan Coghlan 30) at 5:01
10. Griffins , Fillip Zadina 24 (Gabriel Carlsson 22, Sasha Chmelevski 34) at 13:51 (PP)
11. IceHogs , Riley Sheahan 30 (Danny O'Regan 38, Brendan Gaunce 22) at 19:04
Charles Hudon (RCK) for Cross-checking (Minor) at 7:44
Cedric Paquette (RCK) for Slashing (Minor) at 12:12
Goalie Stats
Veini Vehvilainen (GRG), 23 saves from 24 shots - (0,958), 33:14 minutes
Justus Annunen (GRG), 22 saves from 28 shots - (0,786), L, 29-22-5, 26:46 minutes
Christopher Gibson (RCK), 31 saves from 35 shots - (0,886), W, 35-20-3, 60:00 minutes
3 StarsOfficial
1 - Jean-Sébastien Dea (RCK)
2 - Charles Hudon (RCK)
3 - Cedric Paquette (RCK)
Referees : Justin StPierre and Dennis LaRue
Linesman : Jay Sharrers and Brian Mach
Game Note
Veini Vehvilainen enters game at 6:46 of 2nd period
Jake Dotchin is injured at 5:37 of 3rd period (Right Knee)
Finance
Level 1 -- Attendance: 1999 (99,95%) -- Ticket Income $69,965
Level 2 -- Attendance: 1000 (100,00%) -- Ticket Income $15,000
Total Attendance: 2999 (99,97%)
Total Ticket Income: $84,965
Other Income: $16,993
Total Income: $101,958



Team Name Goals Shots Shots Attemp Shots Blocked PIM HIT PP PK FO%
Griffins 43572194201 / 3 (33%)048%
IceHogs 75210586280 / 2 (0%)152%

Griffins
Player Name POS G A P +/- PIM HIT SHT SB MP PP MP PP SHT PK MP PK SHT FO% FOT
Aidan DudasC/LW0001005018:302:2700:0000% 0
Alexander TrueC000-5011014:190:0000:00044% 16
Alexander VolkovLW/RW000-5001014:190:0000:00060% 5
Drew O'ConnorLW000-5000216:070:0001:4800% 2
Dylan CoghlanD0222212323:033:1011:1000% 0
Fillip ZadinaRW1010003026:173:1013:04020% 10
Gabriel CarlssonD011-5032115:400:2810:0000% 0
Jack AhcanD000-2020122:052:2702:0100% 0
Jack DuganLW0110025020:023:1020:0000% 0
Jacob LarssonD000-1001222:012:2711:3700% 0
Jake DotchinD000-4021411:370:0000:4700% 0
Jonathan DahlenLW000000000:530:0000:5300% 0
Marc McLaughlinC1011016119:062:2700:36058% 31
Nick MerkleyRW1121245019:282:2700:5900% 2
Parker WotherspoonD0002030225:332:4202:2100% 0
Sasha ChmelevskiC/RW1120013020:383:1000:36052% 27
Shane GersichC/LW000000023:110:0000:0000% 0
Teddy BluegerC/LW000000013:110:0000:00060% 5
IceHogs
Player Name POS G A P +/- PIM HIT SHT SB MP PP MP PP SHT PK MP PK SHT FO% FOT
Andrew SturtzRW0110003011:050:0000:0000% 2
Brady VailC000000003:130:0003:13033% 3
Brandon GignacC000000000:000:0000:0000% 0
Brandon HickeyD0001024421:352:0522:4000% 0
Brendan GaunceC/LW0221055121:521:5300:000100% 3
Cameron Gaunce D0115042123:501:5312:5700% 0
Cedric PaquetteC/LW2133424022:212:0510:570100% 1
Charles HudonLW/RW2023234017:292:0501:5900% 0
Colby WilliamsD0001021121:352:0512:4000% 0
Colton SceviourC/LW/RW0110011011:070:0000:02038% 13
Danny O'ReganC/RW11210011021:521:5300:0000% 0
Frederic AllardD0115033123:501:5312:5700% 0
Jack DoughertyD000-2000014:350:0000:0000% 0
Jean-Sébastien DeaC/RW1343023026:442:0513:00056% 34
Mark AltD000-2022014:350:0000:0000% 0
Mikhail VorobyovC000000205:240:0000:590100% 1
Riley SheahanC1231016027:181:5301:04059% 29
Zack O'BrienC/RW000001105:550:0000:00033% 12



Play-by-Play

1st period


0:01 of 1st period - Sasha Chmelevski wins face-off versus Jean-Sébastien Dea in neutral zone.
0:35 of 1st period - Icing by Frederic Allard.
0:36 of 1st period - Marc McLaughlin wins face-off versus Jean-Sébastien Dea in IceHogs zone.
1:21 of 1st period - Jack Ahcan is hit by Brendan Gaunce and loses puck.
1:26 of 1st period - Shot by Riley Sheahan.
1:26 of 1st period - Stopped by Justus Annunen with a rebound.
1:28 of 1st period - Shot by Riley Sheahan.
1:28 of 1st period - Shot Misses the Net.
1:30 of 1st period - Shot by Danny O'Regan.
1:30 of 1st period - Deflect By Brendan Gaunce.
1:30 of 1st period - Shot Blocked by Jack Ahcan.
1:32 of 1st period - Shot by Brendan Gaunce.
1:32 of 1st period - Stopped by Justus Annunen without a rebound.
1:33 of 1st period - Riley Sheahan wins face-off versus Alexander True in Griffins zone.
1:40 of 1st period - Shot by Danny O'Regan.
1:40 of 1st period - Shot Blocked by Drew O'Connor.
1:42 of 1st period - Shot by Danny O'Regan.
1:42 of 1st period - Deflect By Brendan Gaunce.
1:42 of 1st period - Stopped by Justus Annunen with a rebound.
1:44 of 1st period - Shot by Mark Alt.
1:44 of 1st period - Shot Misses the Net.
1:52 of 1st period - Shot by Riley Sheahan.
1:52 of 1st period - Stopped by Justus Annunen without a rebound.
1:53 of 1st period - Colton Sceviour wins face-off versus Teddy Blueger in Griffins zone.
2:18 of 1st period - Shot by Jean-Sébastien Dea.
2:18 of 1st period - Shot Misses the Net.
2:20 of 1st period - Shot by Andrew Sturtz.
2:20 of 1st period - Stopped by Justus Annunen with a rebound.
2:22 of 1st period - Shot by Colton Sceviour.
2:22 of 1st period - Stopped by Justus Annunen without a rebound.
2:23 of 1st period - Riley Sheahan wins face-off versus Alexander True in Griffins zone.
2:32 of 1st period - Shot by Riley Sheahan.
2:32 of 1st period - Stopped by Justus Annunen with a rebound.
2:45 of 1st period - Shot by Brendan Gaunce.
2:45 of 1st period - Shot Blocked by Gabriel Carlsson.
3:12 of 1st period - Icing by Riley Sheahan.
3:13 of 1st period - Riley Sheahan wins face-off versus Sasha Chmelevski in IceHogs zone.
3:52 of 1st period - Shot by Sasha Chmelevski.
3:52 of 1st period - Goal by Sasha Chmelevski - Griffins : 1 - IceHogs : 0.
3:53 of 1st period - Marc McLaughlin wins face-off versus Jean-Sébastien Dea in neutral zone.
4:07 of 1st period - Off-side.
4:08 of 1st period - Alexander True wins face-off versus Colton Sceviour in neutral zone.
4:11 of 1st period - Shot by Alexander Volkov.
4:11 of 1st period - Shot Misses the Net.
4:19 of 1st period - Shot by Andrew Sturtz.
4:19 of 1st period - Shot Misses the Net.
4:21 of 1st period - Shot by Brandon Hickey.
4:21 of 1st period - Shot Misses the Net.
4:25 of 1st period - Shot by Jean-Sébastien Dea.
4:25 of 1st period - Shot Misses the Net.
4:27 of 1st period - Shot by Brandon Hickey.
4:27 of 1st period - Stopped by Justus Annunen without a rebound.
4:28 of 1st period - Sasha Chmelevski wins face-off versus Jean-Sébastien Dea in Griffins zone.
4:28 of 1st period - Sasha Chmelevski is hit by Cedric Paquette.
4:33 of 1st period - Fillip Zadina is hit by Cedric Paquette and loses puck.
5:05 of 1st period - Icing by Cameron Gaunce .
5:06 of 1st period - Jean-Sébastien Dea wins face-off versus Marc McLaughlin in IceHogs zone.
5:08 of 1st period - Icing by Cedric Paquette.
5:09 of 1st period - Marc McLaughlin wins face-off versus Jean-Sébastien Dea in IceHogs zone.
5:29 of 1st period - Off-side.
5:30 of 1st period - Teddy Blueger wins face-off versus Riley Sheahan in neutral zone.
5:35 of 1st period - Shot by Shane Gersich.
5:35 of 1st period - Deflect By Fillip Zadina.
5:35 of 1st period - Stopped by Christopher Gibson with a rebound.
5:43 of 1st period - Dylan Coghlan is hit by Brendan Gaunce.
5:49 of 1st period - Shot by Danny O'Regan.
5:49 of 1st period - Stopped by Justus Annunen without a rebound.
5:50 of 1st period - Marc McLaughlin wins face-off versus Zack O'Brien in Griffins zone.
5:54 of 1st period - Off-side.
5:55 of 1st period - Riley Sheahan wins face-off versus Sasha Chmelevski in neutral zone.
6:06 of 1st period - Shot by Danny O'Regan.
6:06 of 1st period - Stopped by Justus Annunen without a rebound.
6:07 of 1st period - Marc McLaughlin wins face-off versus Zack O'Brien in Griffins zone.
6:35 of 1st period - Shot by Zack O'Brien.
6:35 of 1st period - Deflect By Cedric Paquette.
6:35 of 1st period - Shot Misses the Net.
6:54 of 1st period - Icing by Riley Sheahan.
6:55 of 1st period - Zack O'Brien wins face-off versus Sasha Chmelevski in IceHogs zone.
6:55 of 1st period - Zack O'Brien is hit by Jack Dugan.
7:54 of 1st period - Icing by Gabriel Carlsson.
7:55 of 1st period - Alexander True wins face-off versus Riley Sheahan in Griffins zone.
7:55 of 1st period - Alexander True is hit by Riley Sheahan.
8:09 of 1st period - Shot by Danny O'Regan.
8:09 of 1st period - Shot Misses the Net.
8:11 of 1st period - Shot by Brendan Gaunce.
8:11 of 1st period - Shot Blocked by Drew O'Connor.
8:13 of 1st period - Shot by Brendan Gaunce.
8:13 of 1st period - Stopped by Justus Annunen with a rebound.
8:25 of 1st period - Shot by Brendan Gaunce.
8:25 of 1st period - Shot Misses the Net.
8:27 of 1st period - Shot by Danny O'Regan.
8:27 of 1st period - Shot Misses the Net.
8:44 of 1st period - Shot by Charles Hudon.
8:44 of 1st period - Shot Misses the Net.
8:46 of 1st period - Shot by Charles Hudon.
8:46 of 1st period - Goal by Charles Hudon - Griffins : 1 - IceHogs : 1.
8:47 of 1st period - Marc McLaughlin wins face-off versus Jean-Sébastien Dea in neutral zone.
9:12 of 1st period - Shot by Frederic Allard.
9:12 of 1st period - Stopped by Justus Annunen without a rebound.
9:13 of 1st period - Sasha Chmelevski wins face-off versus Andrew Sturtz in Griffins zone.
9:20 of 1st period - Shot by Fillip Zadina.
9:20 of 1st period - Shot Misses the Net.
9:22 of 1st period - Shot by Jack Ahcan.
9:22 of 1st period - Shot Blocked by Brandon Hickey.
9:24 of 1st period - Shot by Sasha Chmelevski.
9:24 of 1st period - Shot Misses the Net.
9:34 of 1st period - Shot by Fillip Zadina.
9:34 of 1st period - Shot Misses the Net.
9:36 of 1st period - Shot by Jacob Larsson.
9:36 of 1st period - Shot Blocked by Brandon Hickey.
9:38 of 1st period - Shot by Fillip Zadina.
9:38 of 1st period - Shot Misses the Net.
9:46 of 1st period - Shot by Sasha Chmelevski.
9:46 of 1st period - Shot Misses the Net.
10:11 of 1st period - Shot by Aidan Dudas.
10:11 of 1st period - Shot Misses the Net.
10:13 of 1st period - Shot by Aidan Dudas.
10:13 of 1st period - Stopped by Christopher Gibson without a rebound.
10:14 of 1st period - Alexander True wins face-off versus Zack O'Brien in IceHogs zone.
10:14 of 1st period - Alexander True is hit by Cameron Gaunce .
10:31 of 1st period - Gabriel Carlsson is hit by Cameron Gaunce and loses puck.
10:54 of 1st period - Shot by Cedric Paquette.
10:54 of 1st period - Goal by Cedric Paquette - Griffins : 1 - IceHogs : 2.
10:55 of 1st period - Marc McLaughlin wins face-off versus Jean-Sébastien Dea in neutral zone.
11:08 of 1st period - Shot by Marc McLaughlin.
11:08 of 1st period - Stopped by Christopher Gibson with a rebound.
11:10 of 1st period - Shot by Marc McLaughlin.
11:10 of 1st period - Shot Misses the Net.
11:12 of 1st period - Shot by Parker Wotherspoon.
11:12 of 1st period - Shot Misses the Net.
11:14 of 1st period - Shot by Nick Merkley.
11:14 of 1st period - Stopped by Christopher Gibson without a rebound.
11:15 of 1st period - Sasha Chmelevski wins face-off versus Riley Sheahan in IceHogs zone.
11:22 of 1st period - Shot by Fillip Zadina.
11:22 of 1st period - Shot Blocked by Brendan Gaunce.
12:08 of 1st period - Nick Merkley is hit by Brandon Hickey and loses puck.
12:13 of 1st period - Shot by Marc McLaughlin.
12:13 of 1st period - Shot Blocked by Brandon Hickey.
12:15 of 1st period - Shot by Marc McLaughlin.
12:15 of 1st period - Deflect By Nick Merkley.
12:15 of 1st period - Stopped by Christopher Gibson without a rebound.
12:16 of 1st period - Alexander True wins face-off versus Colton Sceviour in IceHogs zone.
12:42 of 1st period - Colton Sceviour is hit by Jake Dotchin and loses puck.
12:49 of 1st period - Shot by Andrew Sturtz.
12:49 of 1st period - Shot Misses the Net.
12:51 of 1st period - Shot by Jean-Sébastien Dea.
12:51 of 1st period - Goal by Jean-Sébastien Dea - Griffins : 1 - IceHogs : 3.
12:52 of 1st period - Jean-Sébastien Dea wins face-off versus Marc McLaughlin in neutral zone.
13:05 of 1st period - Aidan Dudas is hit by Mark Alt.
13:09 of 1st period - Shot by Marc McLaughlin.
13:09 of 1st period - Deflect By Aidan Dudas.
13:09 of 1st period - Stopped by Christopher Gibson without a rebound.
13:10 of 1st period - Zack O'Brien wins face-off versus Fillip Zadina in IceHogs zone.
13:39 of 1st period - Off-side.
13:40 of 1st period - Marc McLaughlin wins face-off versus Colton Sceviour in neutral zone.
13:43 of 1st period - Shot by Nick Merkley.
13:43 of 1st period - Shot Misses the Net.
13:45 of 1st period - Shot by Marc McLaughlin.
13:45 of 1st period - Shot Misses the Net.
13:47 of 1st period - Shot by Marc McLaughlin.
13:47 of 1st period - Goal by Marc McLaughlin - Griffins : 2 - IceHogs : 3.
13:48 of 1st period - Marc McLaughlin wins face-off versus Colton Sceviour in neutral zone.
13:55 of 1st period - Andrew Sturtz is hit by Nick Merkley and loses puck.
14:02 of 1st period - Dylan Coghlan is hit by Jean-Sébastien Dea and loses puck.
14:11 of 1st period - Shot by Jean-Sébastien Dea.
14:11 of 1st period - Stopped by Justus Annunen with a rebound.
14:16 of 1st period - Jean-Sébastien Dea is hit by Parker Wotherspoon and loses puck.
14:17 of 1st period - Minor Penalty to Dylan Coghlan for Roughing.
14:18 of 1st period - Brendan Gaunce wins face-off versus Fillip Zadina in Griffins zone.
15:14 of 1st period - Shot by Brandon Hickey.
15:14 of 1st period - Shot Misses the Net.
15:16 of 1st period - Shot by Brandon Hickey.
15:16 of 1st period - Stopped by Justus Annunen without a rebound.
15:17 of 1st period - Jean-Sébastien Dea wins face-off versus Sasha Chmelevski in Griffins zone.
15:28 of 1st period - Shot by Brandon Hickey.
15:28 of 1st period - Stopped by Justus Annunen without a rebound.
15:29 of 1st period - Sasha Chmelevski wins face-off versus Jean-Sébastien Dea in Griffins zone.
15:29 of 1st period - Sasha Chmelevski is hit by Charles Hudon.
15:55 of 1st period - Shot by Charles Hudon.
15:55 of 1st period - Shot Misses the Net.
16:29 of 1st period - Shot by Danny O'Regan.
16:29 of 1st period - Deflect By Brendan Gaunce.
16:29 of 1st period - Shot Blocked by Jake Dotchin.
16:44 of 1st period - Shot by Jake Dotchin.
16:44 of 1st period - Stopped by Christopher Gibson without a rebound.
16:45 of 1st period - Marc McLaughlin wins face-off versus Colton Sceviour in IceHogs zone.
16:47 of 1st period - Nick Merkley is hit by Frederic Allard and loses puck.
17:43 of 1st period - Off-side.
17:44 of 1st period - Riley Sheahan wins face-off versus Drew O'Connor in neutral zone.
18:03 of 1st period - Shot by Riley Sheahan.
18:03 of 1st period - Stopped by Justus Annunen with a rebound.
18:05 of 1st period - Shot by Riley Sheahan.
18:05 of 1st period - Stopped by Justus Annunen with a rebound.
18:53 of 1st period - Minor Penalty to Cedric Paquette for Interference.
18:54 of 1st period - Marc McLaughlin wins face-off versus Brady Vail in IceHogs zone.
18:57 of 1st period - Shot by Jacob Larsson.
18:57 of 1st period - Stopped by Christopher Gibson without a rebound.
18:58 of 1st period - Sasha Chmelevski wins face-off versus Brady Vail in IceHogs zone.
18:59 of 1st period - Shot by Parker Wotherspoon.
18:59 of 1st period - Deflect By Jack Dugan.
18:59 of 1st period - Stopped by Christopher Gibson without a rebound.
19:00 of 1st period - Sasha Chmelevski wins face-off versus Jean-Sébastien Dea in IceHogs zone.
19:35 of 1st period - Charles Hudon is hit by Sasha Chmelevski and loses puck.
Goals for this period are 2 for Griffins vs 3 for IceHogs.
Shots for this period are 11 for Griffins vs 20 for IceHogs.

2nd period


0:01 of 2nd period - Sasha Chmelevski wins face-off versus Jean-Sébastien Dea in neutral zone.
0:22 of 2nd period - Shot by Sasha Chmelevski.
0:22 of 2nd period - Shot Hit the Post.
0:24 of 2nd period - Shot by Sasha Chmelevski.
0:24 of 2nd period - Shot Hit the Post.
0:26 of 2nd period - Shot by Dylan Coghlan.
0:26 of 2nd period - Stopped by Christopher Gibson without a rebound.
0:27 of 2nd period - Jean-Sébastien Dea wins face-off versus Marc McLaughlin in IceHogs zone.
0:35 of 2nd period - Icing by Jacob Larsson.
0:36 of 2nd period - Marc McLaughlin wins face-off versus Jean-Sébastien Dea in Griffins zone.
0:43 of 2nd period - Brady Vail is hit by Nick Merkley and loses puck.
0:51 of 2nd period - Marc McLaughlin is hit by Cameron Gaunce and loses puck.
1:18 of 2nd period - Shot by Riley Sheahan.
1:18 of 2nd period - Shot Misses the Net.
1:55 of 2nd period - Shot by Charles Hudon.
1:55 of 2nd period - Stopped by Justus Annunen without a rebound.
1:56 of 2nd period - Colton Sceviour wins face-off versus Nick Merkley in Griffins zone.
1:59 of 2nd period - Shot by Andrew Sturtz.
1:59 of 2nd period - Shot Blocked by Marc McLaughlin.
2:57 of 2nd period - Drew O'Connor is hit by Zack O'Brien.
3:03 of 2nd period - Shot by Drew O'Connor.
3:03 of 2nd period - Deflect By Alexander Volkov.
3:03 of 2nd period - Stopped by Christopher Gibson without a rebound.
3:04 of 2nd period - Teddy Blueger wins face-off versus Riley Sheahan in IceHogs zone.
3:34 of 2nd period - Shot by Brandon Hickey.
3:34 of 2nd period - Shot Misses the Net.
3:40 of 2nd period - Shot by Riley Sheahan.
3:40 of 2nd period - Shot Misses the Net.
4:04 of 2nd period - Shot by Charles Hudon.
4:04 of 2nd period - Shot Misses the Net.
4:06 of 2nd period - Shot by Charles Hudon.
4:06 of 2nd period - Shot Misses the Net.
4:08 of 2nd period - Shot by Cedric Paquette.
4:08 of 2nd period - Shot Misses the Net.
4:10 of 2nd period - Shot by Cameron Gaunce .
4:10 of 2nd period - Shot Blocked by Shane Gersich.
4:12 of 2nd period - Shot by Mikhail Vorobyov.
4:12 of 2nd period - Stopped by Justus Annunen without a rebound.
4:13 of 2nd period - Marc McLaughlin wins face-off versus Colton Sceviour in Griffins zone.
4:13 of 2nd period - Jacob Larsson is hit by Colton Sceviour and loses puck.
4:32 of 2nd period - Shot by Andrew Sturtz.
4:32 of 2nd period - Stopped by Justus Annunen with a rebound.
4:34 of 2nd period - Shot by Andrew Sturtz.
4:34 of 2nd period - Shot Misses the Net.
4:36 of 2nd period - Shot by Mark Alt.
4:36 of 2nd period - Stopped by Justus Annunen without a rebound.
4:37 of 2nd period - Alexander True wins face-off versus Zack O'Brien in Griffins zone.
5:02 of 2nd period - Icing by Gabriel Carlsson.
5:03 of 2nd period - Brendan Gaunce wins face-off versus Alexander True in Griffins zone.
5:14 of 2nd period - Shot by Riley Sheahan.
5:14 of 2nd period - Shot Blocked by Jake Dotchin.
5:16 of 2nd period - Shot by Danny O'Regan.
5:16 of 2nd period - Stopped by Justus Annunen with a rebound.
5:46 of 2nd period - Icing by Gabriel Carlsson.
5:47 of 2nd period - Jean-Sébastien Dea wins face-off versus Alexander True in Griffins zone.
5:48 of 2nd period - Shot by Charles Hudon.
5:48 of 2nd period - Goal by Charles Hudon - Griffins : 2 - IceHogs : 4.
5:49 of 2nd period - Jean-Sébastien Dea wins face-off versus Sasha Chmelevski in neutral zone.
6:28 of 2nd period - Shot by Cedric Paquette.
6:28 of 2nd period - Goal by Cedric Paquette - Griffins : 2 - IceHogs : 5.
6:29 of 2nd period - Riley Sheahan wins face-off versus Marc McLaughlin in neutral zone.
6:46 of 2nd period - Shot by Danny O'Regan.
6:46 of 2nd period - Goal by Danny O'Regan - Griffins : 2 - IceHogs : 6.
6:46 of 2nd period - Veini Vehvilainen enters game.
6:47 of 2nd period - Alexander True wins face-off versus Andrew Sturtz in neutral zone.
7:02 of 2nd period - Shot by Andrew Sturtz.
7:02 of 2nd period - Shot Blocked by Jacob Larsson.
7:04 of 2nd period - Shot by Andrew Sturtz.
7:04 of 2nd period - Shot Blocked by Jacob Larsson.
7:06 of 2nd period - Shot by Jean-Sébastien Dea.
7:06 of 2nd period - Shot Misses the Net.
7:08 of 2nd period - Shot by Colton Sceviour.
7:08 of 2nd period - Deflect By Andrew Sturtz.
7:08 of 2nd period - Stopped by Veini Vehvilainen without a rebound.
7:09 of 2nd period - Fillip Zadina wins face-off versus Riley Sheahan in Griffins zone.
7:20 of 2nd period - Shot by Jack Dugan.
7:20 of 2nd period - Shot Misses the Net.
7:22 of 2nd period - Shot by Sasha Chmelevski.
7:22 of 2nd period - Shot Misses the Net.
7:24 of 2nd period - Shot by Dylan Coghlan.
7:24 of 2nd period - Stopped by Christopher Gibson without a rebound.
7:25 of 2nd period - Jean-Sébastien Dea wins face-off versus Marc McLaughlin in IceHogs zone.
7:25 of 2nd period - Jean-Sébastien Dea is hit by Nick Merkley.
7:31 of 2nd period - Shot by Charles Hudon.
7:31 of 2nd period - Shot Misses the Net.
8:03 of 2nd period - Shot by Marc McLaughlin.
8:03 of 2nd period - Stopped by Christopher Gibson with a rebound.
9:09 of 2nd period - Shot by Danny O'Regan.
9:09 of 2nd period - Shot Misses the Net.
9:30 of 2nd period - Icing by Jack Ahcan.
9:31 of 2nd period - Riley Sheahan wins face-off versus Alexander True in Griffins zone.
9:38 of 2nd period - Shot by Cedric Paquette.
9:38 of 2nd period - Shot Misses the Net.
9:47 of 2nd period - Jack Ahcan is hit by Mark Alt and loses puck.
9:57 of 2nd period - Cedric Paquette is hit by Jake Dotchin and loses puck.
10:24 of 2nd period - Shot by Nick Merkley.
10:24 of 2nd period - Shot Blocked by Brandon Hickey.
10:26 of 2nd period - Shot by Marc McLaughlin.
10:26 of 2nd period - Stopped by Christopher Gibson without a rebound.
10:27 of 2nd period - Mikhail Vorobyov wins face-off versus Sasha Chmelevski in IceHogs zone.
10:34 of 2nd period - Shot by Mikhail Vorobyov.
10:34 of 2nd period - Stopped by Veini Vehvilainen with a rebound.
11:03 of 2nd period - Fillip Zadina is hit by Frederic Allard and loses puck.
11:07 of 2nd period - Jack Dugan is hit by Frederic Allard.
11:35 of 2nd period - Shot by Alexander True.
11:35 of 2nd period - Stopped by Christopher Gibson without a rebound.
11:36 of 2nd period - Jean-Sébastien Dea wins face-off versus Marc McLaughlin in IceHogs zone.
11:38 of 2nd period - Cedric Paquette is hit by Nick Merkley and loses puck.
11:48 of 2nd period - Marc McLaughlin is hit by Colby Williams and loses puck.
11:53 of 2nd period - Shot by Marc McLaughlin.
11:53 of 2nd period - Stopped by Christopher Gibson without a rebound.
11:54 of 2nd period - Alexander Volkov wins face-off versus Zack O'Brien in IceHogs zone.
11:58 of 2nd period - Icing by Jack Dougherty.
11:59 of 2nd period - Sasha Chmelevski wins face-off versus Zack O'Brien in IceHogs zone.
12:04 of 2nd period - Shot by Jack Dugan.
12:04 of 2nd period - Stopped by Christopher Gibson without a rebound.
12:05 of 2nd period - Jean-Sébastien Dea wins face-off versus Sasha Chmelevski in IceHogs zone.
12:28 of 2nd period - Jean-Sébastien Dea is hit by Parker Wotherspoon.
13:02 of 2nd period - Icing by Nick Merkley.
13:03 of 2nd period - Marc McLaughlin wins face-off versus Riley Sheahan in Griffins zone.
13:20 of 2nd period - Shot by Danny O'Regan.
13:20 of 2nd period - Stopped by Veini Vehvilainen without a rebound.
13:21 of 2nd period - Brendan Gaunce wins face-off versus Alexander True in Griffins zone.
14:10 of 2nd period - Shot by Fillip Zadina.
14:10 of 2nd period - Shot Misses the Net.
14:12 of 2nd period - Shot by Parker Wotherspoon.
14:12 of 2nd period - Shot Misses the Net.
14:14 of 2nd period - Shot by Fillip Zadina.
14:14 of 2nd period - Shot Misses the Net.
14:16 of 2nd period - Shot by Jack Dugan.
14:16 of 2nd period - Stopped by Christopher Gibson without a rebound.
14:17 of 2nd period - Jean-Sébastien Dea wins face-off versus Marc McLaughlin in IceHogs zone.
15:35 of 2nd period - Icing by Brandon Hickey.
15:36 of 2nd period - Colton Sceviour wins face-off versus Alexander True in IceHogs zone.
15:45 of 2nd period - Icing by Alexander Volkov.
15:46 of 2nd period - Alexander Volkov wins face-off versus Riley Sheahan in Griffins zone.
15:46 of 2nd period - Alexander Volkov is hit by Brendan Gaunce.
15:52 of 2nd period - Danny O'Regan is hit by Alexander True.
16:15 of 2nd period - Brendan Gaunce is hit by Gabriel Carlsson and loses puck.
16:42 of 2nd period - Shot by Jack Dugan.
16:42 of 2nd period - Deflect By Fillip Zadina.
16:42 of 2nd period - Stopped by Christopher Gibson without a rebound.
16:43 of 2nd period - Marc McLaughlin wins face-off versus Jean-Sébastien Dea in IceHogs zone.
16:43 of 2nd period - Nick Merkley is hit by Cameron Gaunce and loses puck.
16:56 of 2nd period - Shot by Cameron Gaunce .
16:56 of 2nd period - Stopped by Veini Vehvilainen without a rebound.
16:57 of 2nd period - Sasha Chmelevski wins face-off versus Colton Sceviour in Griffins zone.
17:02 of 2nd period - Fillip Zadina is hit by Jean-Sébastien Dea and loses puck.
17:11 of 2nd period - Shot by Sasha Chmelevski.
17:11 of 2nd period - Shot Misses the Net.
17:13 of 2nd period - Shot by Sasha Chmelevski.
17:13 of 2nd period - Stopped by Christopher Gibson without a rebound.
17:14 of 2nd period - Jean-Sébastien Dea wins face-off versus Marc McLaughlin in IceHogs zone.
17:32 of 2nd period - Shot by Marc McLaughlin.
17:32 of 2nd period - Stopped by Christopher Gibson without a rebound.
17:33 of 2nd period - Riley Sheahan wins face-off versus Fillip Zadina in IceHogs zone.
17:51 of 2nd period - Icing by Brandon Hickey.
17:52 of 2nd period - Marc McLaughlin wins face-off versus Riley Sheahan in IceHogs zone.
17:52 of 2nd period - Marc McLaughlin is hit by Colby Williams.
18:06 of 2nd period - Shot by Marc McLaughlin.
18:06 of 2nd period - Deflect By Aidan Dudas.
18:06 of 2nd period - Stopped by Christopher Gibson with a rebound.
18:14 of 2nd period - Shot by Nick Merkley.
18:14 of 2nd period - Stopped by Christopher Gibson without a rebound.
18:15 of 2nd period - Sasha Chmelevski wins face-off versus Jean-Sébastien Dea in IceHogs zone.
19:46 of 2nd period - Minor Penalty to Nick Merkley for Slashing.
19:47 of 2nd period - Cedric Paquette wins face-off versus Fillip Zadina in Griffins zone.
Goals for this period are 0 for Griffins vs 3 for IceHogs.
Shots for this period are 14 for Griffins vs 12 for IceHogs.

3rd period


0:01 of 3rd period - Jean-Sébastien Dea wins face-off versus Fillip Zadina in neutral zone.
0:04 of 3rd period - Shot by Frederic Allard.
0:04 of 3rd period - Shot Misses the Net.
0:06 of 3rd period - Shot by Cedric Paquette.
0:06 of 3rd period - Shot Blocked by Dylan Coghlan.
0:08 of 3rd period - Shot by Jean-Sébastien Dea.
0:08 of 3rd period - Stopped by Veini Vehvilainen without a rebound.
0:09 of 3rd period - Jean-Sébastien Dea wins face-off versus Fillip Zadina in Griffins zone.
0:12 of 3rd period - Shot by Charles Hudon.
0:12 of 3rd period - Shot Misses the Net.
0:36 of 3rd period - Shot by Frederic Allard.
0:36 of 3rd period - Stopped by Veini Vehvilainen with a rebound.
0:38 of 3rd period - Shot by Cameron Gaunce .
0:38 of 3rd period - Shot Misses the Net.
0:40 of 3rd period - Shot by Cedric Paquette.
0:40 of 3rd period - Stopped by Veini Vehvilainen with a rebound.
0:48 of 3rd period - Shot by Cameron Gaunce .
0:48 of 3rd period - Stopped by Veini Vehvilainen without a rebound.
0:49 of 3rd period - Riley Sheahan wins face-off versus Fillip Zadina in Griffins zone.
0:54 of 3rd period - Shot by Colby Williams.
0:54 of 3rd period - Stopped by Veini Vehvilainen without a rebound.
0:55 of 3rd period - Fillip Zadina wins face-off versus Riley Sheahan in Griffins zone.
1:19 of 3rd period - Shot by Colby Williams.
1:19 of 3rd period - Shot Misses the Net.
1:25 of 3rd period - Shot by Colby Williams.
1:25 of 3rd period - Shot Blocked by Dylan Coghlan.
1:59 of 3rd period - Shot by Nick Merkley.
1:59 of 3rd period - Stopped by Christopher Gibson without a rebound.
2:00 of 3rd period - Jean-Sébastien Dea wins face-off versus Alexander Volkov in IceHogs zone.
2:13 of 3rd period - Shot by Frederic Allard.
2:13 of 3rd period - Shot Misses the Net.
2:23 of 3rd period - Shot by Alexander Volkov.
2:23 of 3rd period - Shot Misses the Net.
2:33 of 3rd period - Shot by Drew O'Connor.
2:33 of 3rd period - Shot Misses the Net.
2:58 of 3rd period - Shot by Brendan Gaunce.
2:58 of 3rd period - Stopped by Veini Vehvilainen without a rebound.
2:59 of 3rd period - Riley Sheahan wins face-off versus Sasha Chmelevski in Griffins zone.
3:12 of 3rd period - Shot by Danny O'Regan.
3:12 of 3rd period - Shot Misses the Net.
3:51 of 3rd period - Icing by Jacob Larsson.
3:52 of 3rd period - Jean-Sébastien Dea wins face-off versus Sasha Chmelevski in Griffins zone.
4:08 of 3rd period - Icing by Jacob Larsson.
4:09 of 3rd period - Sasha Chmelevski wins face-off versus Zack O'Brien in Griffins zone.
4:21 of 3rd period - Icing by Mark Alt.
4:22 of 3rd period - Marc McLaughlin wins face-off versus Zack O'Brien in IceHogs zone.
4:27 of 3rd period - Shot by Aidan Dudas.
4:27 of 3rd period - Deflect By Marc McLaughlin.
4:27 of 3rd period - Shot Misses the Net.
5:01 of 3rd period - Shot by Nick Merkley.
5:01 of 3rd period - Goal by Nick Merkley - Griffins : 3 - IceHogs : 6.
5:02 of 3rd period - Colton Sceviour wins face-off versus Alexander Volkov in neutral zone.
5:32 of 3rd period - Jean-Sébastien Dea is hit by Gabriel Carlsson and loses puck.
5:35 of 3rd period - Shot by Colton Sceviour.
5:35 of 3rd period - Shot Blocked by Jake Dotchin.
5:37 of 3rd period - Shot by Colton Sceviour.
5:37 of 3rd period - Shot Blocked by Jake Dotchin.
5:37 of 3rd period - Jake Dotchin from Griffins is injured at 5:37 of 3rd period (Right Knee).
5:38 of 3rd period - Riley Sheahan wins face-off versus Sasha Chmelevski in Griffins zone.
5:54 of 3rd period - Danny O'Regan is hit by Jack Ahcan and loses puck.
6:07 of 3rd period - Shot by Sasha Chmelevski.
6:07 of 3rd period - Stopped by Christopher Gibson without a rebound.
6:08 of 3rd period - Jean-Sébastien Dea wins face-off versus Nick Merkley in IceHogs zone.
6:08 of 3rd period - Jean-Sébastien Dea is hit by Marc McLaughlin.
6:14 of 3rd period - Shot by Charles Hudon.
6:14 of 3rd period - Shot Misses the Net.
6:35 of 3rd period - Charles Hudon is hit by Parker Wotherspoon and loses puck.
6:38 of 3rd period - Shot by Charles Hudon.
6:38 of 3rd period - Shot Misses the Net.
6:40 of 3rd period - Shot by Jean-Sébastien Dea.
6:40 of 3rd period - Shot Blocked by Dylan Coghlan.
6:42 of 3rd period - Shot by Charles Hudon.
6:42 of 3rd period - Stopped by Veini Vehvilainen without a rebound.
6:43 of 3rd period - Sasha Chmelevski wins face-off versus Riley Sheahan in Griffins zone.
6:43 of 3rd period - Fillip Zadina is hit by Brendan Gaunce and loses puck.
6:49 of 3rd period - Icing by Jack Ahcan.
6:50 of 3rd period - Riley Sheahan wins face-off versus Sasha Chmelevski in Griffins zone.
6:57 of 3rd period - Shot by Frederic Allard.
6:57 of 3rd period - Stopped by Veini Vehvilainen without a rebound.
6:58 of 3rd period - Sasha Chmelevski wins face-off versus Riley Sheahan in Griffins zone.
7:13 of 3rd period - Shot by Fillip Zadina.
7:13 of 3rd period - Deflect By Jack Dugan.
7:13 of 3rd period - Stopped by Christopher Gibson without a rebound.
7:14 of 3rd period - Marc McLaughlin wins face-off versus Jean-Sébastien Dea in IceHogs zone.
7:18 of 3rd period - Aidan Dudas is hit by Brandon Hickey and loses puck.
7:29 of 3rd period - Shot by Aidan Dudas.
7:29 of 3rd period - Stopped by Christopher Gibson with a rebound.
7:44 of 3rd period - Minor Penalty to Charles Hudon for Cross-checking.
7:45 of 3rd period - Jean-Sébastien Dea wins face-off versus Sasha Chmelevski in IceHogs zone.
7:45 of 3rd period - Jean-Sébastien Dea is hit by Jack Dugan.
7:56 of 3rd period - Shot by Dylan Coghlan.
7:56 of 3rd period - Shot Blocked by Cameron Gaunce .
8:13 of 3rd period - Brady Vail is hit by Dylan Coghlan and loses puck.
8:47 of 3rd period - Icing by Nick Merkley.
8:48 of 3rd period - Jean-Sébastien Dea wins face-off versus Marc McLaughlin in Griffins zone.
9:54 of 3rd period - Shot by Brendan Gaunce.
9:54 of 3rd period - Stopped by Veini Vehvilainen with a rebound.
9:56 of 3rd period - Shot by Danny O'Regan.
9:56 of 3rd period - Stopped by Veini Vehvilainen without a rebound.
9:57 of 3rd period - Colton Sceviour wins face-off versus Sasha Chmelevski in Griffins zone.
9:57 of 3rd period - Andrew Sturtz is hit by Gabriel Carlsson and loses puck.
10:14 of 3rd period - Shot by Andrew Sturtz.
10:14 of 3rd period - Shot Misses the Net.
10:52 of 3rd period - Shot by Riley Sheahan.
10:52 of 3rd period - Shot Blocked by Parker Wotherspoon.
10:54 of 3rd period - Shot by Danny O'Regan.
10:54 of 3rd period - Stopped by Veini Vehvilainen with a rebound.
10:56 of 3rd period - Shot by Frederic Allard.
10:56 of 3rd period - Shot Blocked by Parker Wotherspoon.
10:58 of 3rd period - Shot by Danny O'Regan.
10:58 of 3rd period - Stopped by Veini Vehvilainen without a rebound.
10:59 of 3rd period - Zack O'Brien wins face-off versus Alexander True in Griffins zone.
11:08 of 3rd period - Shot by Cedric Paquette.
11:08 of 3rd period - Stopped by Veini Vehvilainen without a rebound.
11:09 of 3rd period - Riley Sheahan wins face-off versus Marc McLaughlin in Griffins zone.
11:10 of 3rd period - Shot by Danny O'Regan.
11:10 of 3rd period - Stopped by Veini Vehvilainen with a rebound.
11:12 of 3rd period - Shot by Danny O'Regan.
11:12 of 3rd period - Stopped by Veini Vehvilainen with a rebound.
12:12 of 3rd period - Minor Penalty to Cedric Paquette for Slashing.
12:13 of 3rd period - Brady Vail wins face-off versus Fillip Zadina in IceHogs zone.
12:26 of 3rd period - Shot by Sasha Chmelevski.
12:26 of 3rd period - Shot Misses the Net.
12:34 of 3rd period - Shot by Fillip Zadina.
12:34 of 3rd period - Shot Blocked by Colby Williams.
12:36 of 3rd period - Shot by Jack Dugan.
12:36 of 3rd period - Stopped by Christopher Gibson with a rebound.
12:42 of 3rd period - Shot by Fillip Zadina.
12:42 of 3rd period - Shot Misses the Net.
13:34 of 3rd period - Fillip Zadina is hit by Charles Hudon and loses puck.
13:45 of 3rd period - Shot by Sasha Chmelevski.
13:45 of 3rd period - Shot Misses the Net.
13:47 of 3rd period - Shot by Gabriel Carlsson.
13:47 of 3rd period - Stopped by Christopher Gibson with a rebound.
13:49 of 3rd period - Shot by Fillip Zadina.
13:49 of 3rd period - Shot Misses the Net.
13:51 of 3rd period - Shot by Fillip Zadina.
13:51 of 3rd period - Goal by Fillip Zadina - Griffins : 4 - IceHogs : 6.
13:52 of 3rd period - Zack O'Brien wins face-off versus Alexander True in neutral zone.
14:03 of 3rd period - Shot by Mark Alt.
14:03 of 3rd period - Stopped by Veini Vehvilainen without a rebound.
14:04 of 3rd period - Riley Sheahan wins face-off versus Drew O'Connor in Griffins zone.
14:29 of 3rd period - Icing by Gabriel Carlsson.
14:30 of 3rd period - Alexander True wins face-off versus Colton Sceviour in Griffins zone.
15:23 of 3rd period - Shot by Zack O'Brien.
15:23 of 3rd period - Deflect By Riley Sheahan.
15:23 of 3rd period - Shot Blocked by Teddy Blueger.
15:25 of 3rd period - Shot by Brandon Hickey.
15:25 of 3rd period - Stopped by Veini Vehvilainen with a rebound.
15:27 of 3rd period - Shot by Zack O'Brien.
15:27 of 3rd period - Shot Blocked by Shane Gersich.
15:45 of 3rd period - Shot by Zack O'Brien.
15:45 of 3rd period - Stopped by Veini Vehvilainen without a rebound.
15:46 of 3rd period - Riley Sheahan wins face-off versus Marc McLaughlin in Griffins zone.
16:12 of 3rd period - Off-side.
16:13 of 3rd period - Alexander Volkov wins face-off versus Jean-Sébastien Dea in neutral zone.
16:59 of 3rd period - Jack Dugan is hit by Charles Hudon and loses puck.
18:17 of 3rd period - Icing by Jack Ahcan.
18:18 of 3rd period - Jean-Sébastien Dea wins face-off versus Marc McLaughlin in Griffins zone.
18:18 of 3rd period - Jean-Sébastien Dea is hit by Jack Ahcan.
18:28 of 3rd period - Shot by Nick Merkley.
18:28 of 3rd period - Shot Blocked by Frederic Allard.
18:34 of 3rd period - Shot by Aidan Dudas.
18:34 of 3rd period - Shot Misses the Net.
18:36 of 3rd period - Shot by Aidan Dudas.
18:36 of 3rd period - Stopped by Christopher Gibson with a rebound.
18:40 of 3rd period - Shot by Marc McLaughlin.
18:40 of 3rd period - Shot Misses the Net.
18:42 of 3rd period - Shot by Nick Merkley.
18:42 of 3rd period - Shot Misses the Net.
19:02 of 3rd period - Shot by Danny O'Regan.
19:02 of 3rd period - Stopped by Veini Vehvilainen with a rebound.
19:04 of 3rd period - Shot by Riley Sheahan.
19:04 of 3rd period - Goal by Riley Sheahan - Griffins : 4 - IceHogs : 7.
19:05 of 3rd period - Riley Sheahan wins face-off versus Teddy Blueger in neutral zone.
19:17 of 3rd period - Icing by Fillip Zadina.
19:18 of 3rd period - Teddy Blueger wins face-off versus Riley Sheahan in Griffins zone.
19:18 of 3rd period - Teddy Blueger is hit by Brendan Gaunce.
19:24 of 3rd period - Shot by Gabriel Carlsson.
19:24 of 3rd period - Stopped by Christopher Gibson without a rebound.
19:25 of 3rd period - Riley Sheahan wins face-off versus Marc McLaughlin in IceHogs zone.
Goals for this period are 2 for Griffins vs 1 for IceHogs.
Shots for this period are 10 for Griffins vs 20 for IceHogs.